 Dungeon Crawl Stone Soup version 0.24-a0-408-gcc1054c (webtiles) character file.

Game seed: 3556386493984537822

195 AlmondAAA the Magician (level 5, -1/28 HPs)
             Began as a Tengu Wizard on June 6, 2019.
             Killed from afar by an orc wizard (7 damage)
             ... with a magic dart
             ... on level 4 of the Dungeon.
             The game lasted 00:04:32 (3666 turns).

AlmondAAA the Magician (Tengu Wizard)               Turns: 3666, Time: 00:04:33

Health: -1/28      AC:  0    Str:  9    XL:     5   Next: 74%
Magic:  4/12       EV: 15    Int: 18    God:
Gold:   165        SH:  0    Dex: 12    Spells: 1/12 levels left

rFire    . . .     SeeInvis .   e - +0 spear
rCold    . . .     Gourm    .   (no shield)
rNeg     . . .     Faith    .   (no armour)
rPois    .         Spirit   .   b - +0 hat
rElec    .         Reflect  .   (no cloak)
rCorr    .         Harm     .   (no gloves)
MR       .....                  (boots unavailable)
Stlth    ++........             (no amulet)
HPRegen  0.09/turn              (no ring)
MPRegen  0.13/turn              (no ring)

@: flying quickly and evasively, quick
A: beak, talons 3, able to fly
a: Stop Flying


You were on level 4 of the Dungeon.
You were not hungry.

You visited 1 branch of the dungeon, and saw 4 of its levels.

You collected 165 gold pieces.

Inventory:

Hand Weapons
 e - a +0 spear (weapon)
Armour
 a - a +0 robe
 b - a +0 hat (worn)
 r - a +0 buckler
 v - a +1 leather armour of cold resistance
Jewellery
 n - a +4 ring of evasion
Scrolls
 c - 2 scrolls of magic mapping {unknown}
 g - 3 scrolls of identify {unknown}
 i - a scroll of immolation {unknown}
 k - 2 scrolls of enchant armour {unknown}
 o - a scroll of remove curse {unknown}
 p - a scroll of amnesia {unknown}
 s - a scroll of noise {unknown}
Potions
 f - a potion of haste {unknown}
 h - a potion of degeneration {unknown}
 j - a potion of heal wounds {unknown}
 l - a potion of mutation {unknown}
 m - a potion of lignification {unknown}
 q - a potion of might {unknown}
 u - a potion of curing {unknown}
Comestibles
 d - 7 rations
 t - 6 chunks of flesh


   Skills:
 + Level 0.4 Fighting
 + Level 1.6 Polearms
 + Level 0.0 Armour
 - Level 3.0 Dodging
 - Level 2.0 Stealth
 + Level 0.2 Shields
 + Level 4.3 Spellcasting
 + Level 3.2 Conjurations
 + Level 1.5 Summonings
 - Level 1.0 Translocations
 + Level 0.6 Fire Magic
 + Level 0.5 Air Magic
 + Level 0.3 Poison Magic


You had one spell level left.
You knew the following spells:

 Your Spells              Type           Power        Failure   Level  Hunger
a - Magic Dart            Conj           ###.         3%          1    None
b - Call Imp              Summ           #.......     12%         2    ##.....
c - Blink                 Tloc           N/A          14%         2    ##.....
d - Conjure Flame         Conj/Fire      ##......     19%         3    ###....
e - Mephitic Cloud        Conj/Pois/Air  #.......     24%         3    ###....

Your spell library contained the following spells:

 Spells                   Type           Power        Failure   Level  Hunger
 Slow                     Hex            #.......     22%         2    ##.....


Dungeon Overview and Level Annotations

Branches:
Dungeon (4/15)
 Temple: D:4-7

Altars:
Cheibriados
Ru


Innate Abilities, Weirdness & Mutations

You have a beak for a mouth.
You have claws for feet.
You can fly continuously.


Message History

Aiming: Magic Dart (safe; 3% risk of failure)
Press: ? - help, Shift-Dir - straight line, f - orc priest
Aim: an orc priest, wielding a +0 war axe and wearing a +0 robe (hasn't noticed you)
The magic dart hits the orc priest.
The orc priest is heavily wounded.
A puff of frost appears from out of thin air!
The puff of frost hits you!
Ouch! That really hurt!
* * * LOW HITPOINT WARNING * * *
Casting: Magic Dart (safe; 3% risk of failure)
Confirm with . or Enter, or press ? or * to list all spells.
Aiming: Magic Dart (safe; 3% risk of failure)
Press: ? - help, Shift-Dir - straight line, f/p - orc priest
Aim: an orc priest, wielding a +0 war axe and wearing a +0 robe (heavily wounded)
The magic dart hits the orc priest.
The orc priest is severely wounded.
Unknown command.
A magic dart appears from out of thin air!
The magic dart hits you!
You die...

......# #.#
####### #.# ## #.#
.# #.### .# #...#
.# ###.# .# #.# .#
#.# .# #@# .# #.#
.# #.# #### .#
#######.####...##
.##
...........$....##
..#
#######.##.......#
... #.#.........
..# ............ #
####.........


There were no monsters in sight!

Vanquished Creatures
  A centaur skeleton (D:4)
  2 worker ants
  4 adders
  An ooze (D:3)
  3 worms
  A dart slug (D:2)
  3 leopard geckos
  7 orcs
  3 ball pythons
  2 giant cockroaches
  8 goblins
  6 hobgoblins
  4 jackals (D:1)
  A quokka (D:3)
  7 bats
  2 frilled lizards
  6 kobolds
  A rat (D:2)
62 creatures vanquished.

Notes
Turn   | Place    | Note
-------+----------+-------------------------------------------
     0 | D:1      | AlmondAAA the Tengu Wizard began the quest for the Orb.
     0 | D:1      | Reached XP level 1. HP: 10/10 MP: 5/5
   142 | D:1      | Reached XP level 2. HP: 6/15 MP: 0/7
  1094 | D:2      | Reached XP level 3. HP: 5/19 MP: 0/8
  2371 | D:3      | Reached XP level 4. HP: 22/24 MP: 10/10
  2387 | D:3      | Reached skill level 1 in Polearms
  2436 | D:3      | Reached skill level 4 in Spellcasting
  2721 | D:3      | Gained mutation: You can fly continuously. [Tengu growth]
  2721 | D:3      | Reached XP level 5. HP: 28/28 MP: 1/12
  3028 | D:3      | Learned a level 2 spell: Call Imp
  3031 | D:3      | Learned a level 2 spell: Blink
  3036 | D:3      | Learned a level 3 spell: Conjure Flame
  3040 | D:3      | Learned a level 3 spell: Mephitic Cloud
  3106 | D:3      | Found a sacrificial altar of Ru.
  3106 | D:3      | Found a snail-covered altar of Cheibriados.
  3627 | D:4      | Reached skill level 1 in Translocations
  3666 | D:4      | Killed from afar by an orc wizard

Levels and vault maps discovered:
D:1:      evilmike_arrival_fibonacci_small, layout_loops_ring,
          minmay_tree_intersection
D:2:      layout_basic
D:3:      layout_loops_cross, gammafunk_temple_overflow_wave
D:4:      layout_loops_ring, first_ration

Skill      XL: |  1  2  3  4  5 |
---------------+----------------+-----
Conjurations   | 2 3 |  3.2
Polearms       | 1 |  1.6
Spellcasting   | 4 |  4.3
Dodging        | 3 |  3.0
Translocations | 1 |  1.0
Fighting       | |  0.4
Stealth        | |  2.0
Shields        | |  0.2
Summonings     | |  1.5
Fire Magic     | |  0.6
Air Magic      | |  0.5
Poison Magic   | |  0.3

Action                   |  1- 3 |  4- 6 || total
-------------------------+-------+-------++-------
Melee: Spear             |    35 |    16 ||    51
       Unarmed           |     7 |       ||     7
       Kick              |    10 |     2 ||    12
       Peck              |     4 |     4 ||     8
 Cast: Magic Dart        |    73 |    91 ||   164
 Abil: Fly               |       |     1 ||     1
 Stab: Sleeping          |     1 |       ||     1
  Eat: Chunk             |     3 |     5 ||     8
Armor: Robe              |    12 |     1 ||    13
Dodge: Dodged            |    38 |    26 ||    64

Table legend:
 A = Non-vault XP
 B = Vault XP
 C = Vault XP percentage of total XP
 D = Non-vault monster count
 E = Vault monster count
 F = Vault count percentage of total count
                 A         B        C        D         E       F
            +---------+---------+-------+---------+---------+-------
      Total |     279 |       0 |   0.0 |      62 |       0 |   0.0
            +---------+---------+-------+---------+---------+-------
        D:1 |      21 |       0 |   0.0 |      13 |       0 |   0.0
        D:2 |      58 |       0 |   0.0 |      20 |       0 |   0.0
        D:3 |     118 |       0 |   0.0 |      23 |       0 |   0.0
        D:4 |      82 |       0 |   0.0 |       6 |       0 |   0.0
            +---------+---------+-------+---------+---------+-------
